Map: Undercurrent LE

Players

Ekelpack - Winner!

  • Race: Zerg Zerg
  • Spawn Location: 3:00

Nyck - Winner!

  • Race: Terran Terran
  • Spawn Location: 1:00

Prometoss

  • Race: Zerg Zerg
  • Spawn Location: 7:00

BlueMax

  • Race: Terran Terran
  • Spawn Location: 7:00

VOD

Have the link to the VOD?

Description

Time

  • Played on: April 1, 2025, 1:04 p.m.
  • Length: 17:25
Show
View Real Time Build Order
Export as new Build Order

Ekelpack Zerg - Winner!

Build Orders: Hatch First 

Get SALT Encoding   

  12  0:00  Drone  
  13  0:12  Overlord  
  13  0:19  Drone  
  14  0:30  Drone x2  
  16  0:35  Drone  
  17  0:52  Hatchery  
  17  0:54  Drone  
  17  0:57  Extractor  
  17  0:59  Drone  
  17  1:14  Spawning Pool  
  17  1:17  Drone  
  17  1:22  Drone  
  18  1:28  Drone  
  19  1:38  Drone  
  20  2:00  Queen  
  22  2:04  Queen  
  22  2:06  Drone  
  25  2:14  Metabolic Boost  
  25  2:16  Zergling x6  
  28  2:27  Overlord  
  28  2:37  Lair  
  28  2:47  Extractor  
  28  2:48  Drone x2  
  28  2:50  Drone x3  
  32  3:00  Drone  
  32  3:03  Drone  
  34  3:09  Overlord  
  34  3:10  Drone x2  
  36  3:22  Drone, Extractor  
  36  3:23  Overlord  
  36  3:39  Spire  
  35  3:52  Zergling x12  
  35  3:53  Zergling x8  
  45  4:01  Queen  
  46  4:16  Zergling x10  
  46  4:28  Overlord  
  40  4:53  Mutalisk x4  
  48  5:09  Extractor  
  48  5:14  Mutalisk x2  
  47  5:18  Drone x3  
  54  5:30  Overlord x2  
  51  5:58  Mutalisk x4  
  51  6:00  Overlord, Zergling x4  
  51  6:01  Zergling x6  
  64  6:17  Drone x3  
  67  6:33  Drone x3  
  67  6:34  Hatchery  
  67  6:38  Mutalisk  
  67  6:39  Mutalisk x2  
  75  6:41  Overlord  
  75  6:46  Zerg Flyer Weapons Level 1  
  73  7:21  Mutalisk x5  
  83  7:25  Zergling x8  
  83  7:26  Overlord  
  87  7:38  Infestation Pit  
  86  7:48  Drone x4  
  86  7:49  Drone x6  
  96  8:13  Extractor  
  96  8:14  Drone x2, Extractor  
  96  8:25  Hive, Mutalisk x4  
  96  8:26  Overlord  
  104  8:35  Pneumatized Carapace  
  104  8:53  Overlord x2  
  104  8:54  Zergling x10  
  104  8:55  Zergling x8  
  113  9:02  Drone, Evolution Chamber  
  113  9:03  Overlord x2, Evolution Chamber  
  112  9:26  Drone x3  
  112  9:29  Zerg Ground Armor Level 1, Zerg Melee Weapons Level 1  
  115  9:34  Drone  
  112  10:11  Ultralisk Cavern  
  112  10:13  Overlord x3  
  111  10:51  Overlord  
  111  10:52  Overlord  
  111  10:58  Chitinous Plating  
  111  11:00  Ultralisk x6  
  147  11:04  Adrenal Glands  
  139  11:33  Ultralisk  
  139  11:34  Ultralisk  
  151  11:56  Hatchery  
  151  11:57  Zerg Melee Weapons Level 2  
  151  11:58  Zerg Ground Armor Level 2  
  150  12:15  Overlord  
  150  12:17  Anabolic Synthesis  
  141  12:26  Ultralisk x2  
  141  12:27  Ultralisk  
  155  13:21  Ultralisk  
  155  13:22  Zergling x2, Ultralisk  
  155  13:23  Zergling x14  
  155  13:24  Zergling x2  
  176  13:39  Zergling x2  
  176  13:40  Zergling x12  
  176  13:41  Zergling x8  
  184  14:07  Overlord  
  184  14:08  Overlord  
  184  14:09  Drone x4  
  187  14:10  Drone x6  
  188  14:30  Ultralisk  
  188  14:31  Ultralisk x2  
  191  14:48  Ultralisk  
  131  15:17  Extractor x2  
  129  15:25  Ultralisk x6  
  165  15:31  Overseer  
  165  15:40  Overseer x2  
  162  15:44  Zergling x10  
  162  15:45  Zergling x12  
  166  16:18  Ultralisk x3  
  166  16:19  Zergling x8, Ultralisk x3  
  166  16:20  Zergling x4  
  189  17:00  Hatchery  
  189  17:01  Extractor  
  182  17:04  Extractor  
Show
View Real Time Build Order
Export as new Build Order

Nyck Terran - Winner!

Build Orders: Reaper Expand 

Get SALT Encoding   

  12  0:00  SCV  
  13  0:12  SCV  
  14  0:25  SCV  
  15  0:46  Command Center  
  15  0:55  Supply Depot  
  15  1:17  SCV  
  16  1:19  Barracks  
  16  1:25  Refinery  
  16  1:28  Refinery  
  16  1:37  SCV  
  17  1:54  SCV  
  18  2:06  Orbital Command  
  18  2:08  Orbital Command  
  19  2:20  Reaper  
  19  2:35  SCV x2  
  21  2:44  Factory  
  21  2:51  Refinery  
  21  2:52  SCV x2  
  21  2:53  Refinery  
  23  3:13  SCV  
  23  3:15  SCV  
  25  3:20  Command Center  
  25  3:25  SCV  
  25  3:27  SCV  
  26  3:49  Starport  
  28  3:56  Widow Mine  
  21  4:05  Orbital Command  
  21  4:08  SCV  
  17  4:26  SCV  
  15  4:38  SCV  
  11  4:39  SCV  
  11  4:41  Starport Tech Lab  
  12  4:50  SCV  
  12  4:51  SCV  
  12  4:52  Widow Mine  
  9  5:26  SCV x2  
  11  5:31  Fusion Core  
  11  5:38  SCV x2  
  13  5:50  SCV x2  
  15  6:02  SCV x2  
  15  6:14  SCV x2  
  16  6:26  SCV x2  
  18  6:38  Battlecruiser  
  18  6:39  SCV  
  26  6:40  SCV  
  26  6:51  SCV  
  26  6:52  SCV  
  28  7:04  Command Center, SCV x2  
  30  7:16  SCV x2  
  30  7:18  Weapon Refit  
  32  7:25  Supply Depot  
  32  7:28  SCV x2  
  34  7:40  SCV x2  
  36  8:22  SCV x2  
  36  8:25  Battlecruiser  
  38  8:29  Orbital Command  
  38  8:34  SCV x2  
  40  8:46  SCV x2  
  42  8:53  Armory  
  42  8:57  Armory  
  42  8:59  SCV  
  43  9:04  SCV  
  43  9:09  SCV  
  45  9:11  Command Center  
  45  9:15  SCV  
  46  9:19  SCV  
  46  9:22  SCV  
  48  9:34  Battlecruiser  
  48  9:36  Starport  
  54  10:04  SCV x2  
  54  10:05  SCV  
  57  10:11  Terran Ship Weapons Level 1  
  57  10:12  Terran Vehicle And Ship Armor Level 1  
  57  10:15  Starport Tech Lab  
  57  10:17  Supply Depot  
  57  10:18  Starport  
  57  10:19  Supply Depot  
  57  10:22  SCV x3  
  57  10:28  Refinery  
  61  10:30  Refinery  
  61  10:33  Orbital Command  
  61  10:34  SCV x3  
  63  10:39  Battlecruiser x2  
  75  10:42  Supply Depot  
  75  10:46  Supply Depot  
  75  10:55  SCV  
  75  10:56  SCV x2  
  78  10:58  Starport  
  78  10:59  Starport Reactor  
  78  11:01  Starport Tech Lab  
  78  11:03  SCV  
  79  11:07  SCV  
  79  11:10  Refinery  
  80  11:20  SCV x4  
  84  11:34  SCV x3  
  84  11:35  SCV  
  84  11:37  Starport Tech Lab  
  88  11:41  Battlecruiser  
  88  11:44  Battlecruiser  
  88  11:45  Battlecruiser  
  106  11:51  SCV x2  
  108  11:55  Supply Depot  
  108  12:01  Supply Depot  
  108  12:07  Terran Vehicle And Ship Armor Level 2  
  108  12:08  Terran Ship Weapons Level 2  
  108  12:17  Supply Depot, Battlecruiser, SCV x2  
  116  12:23  SCV x2  
  118  12:34  SCV  
  118  12:35  SCV  
  120  12:41  Supply Depot  
  120  12:51  SCV x4  
  124  12:52  Battlecruiser  
  130  13:02  Battlecruiser  
  136  13:40  Supply Depot  
  136  13:43  Battlecruiser x2  
  148  13:59  SCV x4  
  148  14:01  Battlecruiser  
  148  14:02  Supply Depot  
  158  14:24  Supply Depot  
  158  14:46  Supply Depot  
  146  15:03  SCV x3  
  146  15:04  Battlecruiser  
  146  15:05  Battlecruiser x2  
  167  15:16  Battlecruiser  
  173  15:26  Refinery  
  173  16:09  Battlecruiser x3  
  191  16:21  Battlecruiser  
Show
View Real Time Build Order
Export as new Build Order

Prometoss Zerg 

Build Orders: Hatch First, Lurkers 

Get SALT Encoding   

  12  0:02  Drone  
  13  0:13  Overlord  
  13  0:20  Drone  
  14  0:32  Drone x2  
  16  0:36  Drone  
  17  0:53  Hatchery  
  17  0:57  Drone  
  17  0:58  Drone  
  17  1:03  Extractor  
  17  1:07  Drone  
  18  1:19  Spawning Pool  
  18  1:22  Drone  
  18  1:32  Drone  
  19  1:40  Drone  
  20  1:50  Overlord  
  20  2:07  Metabolic Boost  
  20  2:09  Overlord x2  
  20  2:11  Queen  
  22  2:19  Queen  
  24  2:23  Drone  
  25  2:35  Drone x2  
  25  2:36  Drone x2  
  29  2:43  Zergling x4  
  31  2:58  Baneling Nest  
  30  3:09  Zergling x10  
  35  3:15  Zergling x2  
  36  3:20  Zergling x2  
  36  3:22  Zergling x4  
  36  3:23  Zergling x2  
  40  3:38  Zergling x10  
  45  3:58  Drone  
  45  3:59  Drone x2, Queen x2  
  37  4:40  Zergling x12  
  37  4:41  Zergling x6  
  44  4:50  Zergling x2  
  45  4:56  Hatchery  
  45  4:58  Hatchery  
  43  5:01  Zergling x6  
  46  5:11  Overlord  
  46  5:17  Drone  
  46  5:18  Drone x5  
  52  5:26  Spore Crawler  
  51  5:31  Spore Crawler x2  
  51  5:32  Spore Crawler  
  51  5:33  Spore Crawler  
  51  5:35  Spore Crawler  
  39  5:53  Drone  
  39  5:54  Drone x8  
  39  5:55  Drone  
  44  6:14  Drone x3  
  44  6:15  Drone x6  
  52  6:25  Extractor  
  51  6:28  Lair  
  51  6:29  Extractor  
  51  6:32  Drone, Extractor  
  51  6:33  Drone x4  
  51  6:38  Drone x2  
  55  7:16  Spore Crawler  
  55  7:22  Drone x3, Overlord x2  
  57  7:23  Drone x8  
  57  7:24  Drone x7  
  57  7:25  Overlord  
  57  7:27  Overlord  
  72  7:38  Hydralisk Den  
  71  7:51  Queen x2  
  73  7:56  Hatchery  
  72  8:07  Hydralisk x4  
  72  8:08  Hydralisk  
  72  8:10  Hydralisk  
  84  8:17  Grooved Spines  
  84  8:22  Hydralisk  
  86  8:43  Hydralisk x4  
  86  8:44  Hydralisk  
  96  9:03  Hatchery  
  96  9:05  Extractor x2  
  96  9:08  Muscular Augments  
  93  9:13  Infestation Pit  
  93  9:15  Drone x4  
  96  9:49  Evolution Chamber  
  96  9:51  Evolution Chamber  
  93  10:11  Hive, Drone  
  93  10:12  Drone x2  
  93  10:13  Overlord x4  
  93  10:14  Overlord x3  
  96  10:21  Zerg Ground Armor Level 1  
  96  10:22  Zerg Missile Weapons Level 1  
  96  10:32  Hydralisk x5  
  96  10:33  Hydralisk x2  
  110  10:42  Hatchery  
  109  10:57  Drone x3  
  109  10:58  Drone x7  
  119  11:10  Overlord x2  
  119  11:11  Drone x3  
  122  11:29  Overlord  
  122  11:33  Viper x5  
  137  11:47  Viper x5  
  152  12:03  Spore Crawler  
  152  12:06  Spore Crawler  
  152  12:07  Spore Crawler  
  149  12:11  Hydralisk  
  149  12:12  Hydralisk x5  
  161  12:27  Hydralisk x2  
  161  12:28  Hydralisk x4  
  173  12:33  Zerg Missile Weapons Level 2  
  173  12:40  Zerg Ground Armor Level 2  
  173  13:09  Lurker Den  
  172  13:16  Hatchery  
  172  13:17  Extractor  
  170  13:20  Extractor  
  169  13:41  Overlord x2  
  169  13:45  Overlord  
  169  13:54  Overlord  
  169  14:17  Lurker x6  
  169  14:18  Lurker x2  
  169  14:22  Adaptive Talons  
  150  15:19  Seismic Spines  
  150  15:23  Hydralisk x2  
  150  15:24  Hydralisk x9  
  150  15:25  Hydralisk x3  
  150  15:26  Drone x3  
  150  15:27  Drone x5  
  150  15:28  Drone, Extractor  
  186  15:32  Hatchery  
  179  15:36  Extractor  
  115  16:21  Hydralisk x6  
  115  16:22  Hydralisk x8  
  115  16:23  Hydralisk x6  
  128  16:59  Hydralisk x5  
  128  17:00  Hydralisk x4  
Show
View Real Time Build Order
Export as new Build Order

BlueMax Terran 

Build Orders: 2 Factory 

Get SALT Encoding   

  12  0:00  SCV  
  13  0:12  SCV  
  14  0:20  Supply Depot  
  14  0:24  SCV  
  15  0:41  SCV  
  16  0:46  Barracks  
  16  0:48  Refinery  
  16  0:53  SCV  
  17  1:05  SCV  
  18  1:17  SCV  
  19  1:30  SCV  
  20  1:44  Command Center  
  20  1:55  Factory  
  20  2:09  Orbital Command  
  20  2:13  Supply Depot  
  20  2:14  Barracks Reactor  
  20  2:48  Supply Depot  
  20  2:56  SCV  
  21  2:59  Orbital Command  
  21  3:02  Hellion x2  
  24  3:07  Marine  
  25  3:20  Factory  
  25  3:23  Hellion  
  27  3:31  Hellion  
  27  3:33  Barracks Tech Lab  
  28  3:43  SCV  
  28  3:44  Hellion  
  31  3:51  SCV  
  31  3:54  Marauder  
  31  3:55  SCV  
  35  3:56  Concussive Shells  
  35  4:02  Bunker  
  35  4:05  Hellion  
  35  4:06  Hellion  
  35  4:07  SCV  
  35  4:08  Factory Tech Lab  
  40  4:13  Factory  
  40  4:18  Refinery  
  40  4:19  SCV  
  41  4:31  SCV  
  41  5:27  Engineering Bay  
  41  5:28  Cyclone  
  42  5:29  Factory Tech Lab  
  42  5:33  Widow Mine  
  42  5:34  Widow Mine  
  42  5:35  Engineering Bay  
  44  5:39  Supply Depot  
  44  5:42  Marine  
  45  5:46  Combat Shield  
  45  5:54  Widow Mine  
  47  6:00  Marine  
  47  6:03  Terran Infantry Armor Level 1  
  48  6:10  Missile Turret  
  48  6:11  Missile Turret  
  48  6:17  Missile Turret, Marine  
  48  6:18  Missile Turret  
  49  6:22  Terran Infantry Weapons Level 1  
  49  6:29  SCV  
  50  6:35  Marine  
  50  6:39  Refinery  
  51  6:41  Refinery, SCV  
  52  6:53  Marine, SCV  
  54  6:55  Cyclone  
  57  7:06  SCV  
  57  7:07  SCV  
  59  7:11  Marine  
  60  7:17  Missile Turret  
  60  7:19  SCV x2  
  60  7:22  Supply Depot  
  62  7:26  Supply Depot  
  62  7:29  Missile Turret  
  62  7:34  Missile Turret  
  62  7:37  Supply Depot  
  62  7:44  Cyclone, Marine, SCV x2  
  68  7:48  Cyclone  
  71  7:52  Supply Depot  
  71  7:56  SCV  
  67  8:25  Cyclone  
  67  8:26  Cyclone  
  73  8:29  Mag-Field Accelerator, Infernal Pre-Igniter  
  73  8:40  Factory  
  73  8:44  Armory  
  73  8:57  Starport  
  73  9:03  SCV  
  73  9:04  SCV  
  75  9:16  SCV x2  
  76  9:25  Factory Tech Lab  
  76  9:28  SCV  
  76  9:29  Factory  
  77  9:35  Starport Reactor  
  77  9:38  Missile Turret, SCV  
  78  9:43  Terran Vehicle And Ship Armor Level 1  
  78  9:50  SCV  
  79  10:00  Armory  
  79  10:08  Cyclone x3  
  88  10:14  Factory Tech Lab  
  88  10:18  Armory  
  88  10:27  Command Center  
  86  10:40  Cyclone x4  
  98  10:51  Viking x2  
  102  11:18  Missile Turret  
  102  11:20  Missile Turret  
  102  11:35  Siege Tank x2  
  102  11:36  Cyclone x2  
  102  11:39  Missile Turret  
  114  11:41  Orbital Command  
  114  11:56  Terran Ship Weapons Level 1  
  114  12:01  Marine  
  115  12:06  Armory  
  115  12:11  Refinery, Thor  
  121  12:18  Marine  
  119  12:31  SCV x2  
  119  12:32  SCV  
  119  12:36  Marine  
  123  12:40  Medivac x2  
  123  12:43  SCV x2, Terran Infantry Weapons Level 2  
  123  12:44  SCV  
  130  12:52  Barracks  
  130  12:54  Marine, Barracks  
  130  12:55  SCV  
  130  12:56  SCV x2  
  133  13:04  Terran Vehicle Weapons Level 1  
  133  13:07  Terran Vehicle And Ship Armor Level 2  
  133  13:12  Marine  
  134  13:15  Barracks  
  134  13:18  Barracks  
  134  13:19  Terran Infantry Armor Level 2  
  128  13:40  Medivac  
  130  13:46  Barracks Tech Lab  
  130  13:53  Barracks Tech Lab  
  130  14:08  Barracks Tech Lab  
  127  14:10  Barracks Tech Lab  
  127  14:13  SCV x3  
  130  14:23  Siege Tank  
  130  14:24  Siege Tank x3  
  139  14:25  SCV x3  
  139  14:27  Hellion x2  
  149  14:38  SCV x2  
  94  14:56  Siege Tank, Cyclone  
  94  14:57  Viking x2  
  79  15:16  Barracks Tech Lab  
  79  15:27  Viking x2  
  83  15:42  Marine x4  
  87  15:45  Command Center  
  87  15:57  Viking x2  
  87  15:59  Marine x3  
  87  16:00  Marine  
  95  16:16  Cyclone x2  
  95  16:17  Marine x4  
  111  16:18  Hellion x3  
  111  16:19  Hellion  
  113  16:27  Medivac  
  113  16:32  Barracks  
Tags
 
Add a new tag
Caveats
  • Supply blocks, unpowered buildings, or Contaminate may cause inaccurate times.
  • Supply counts are checked every 10 seconds.